 Dungeon Crawl Stone Soup version 0.26-b1-32-g5d43845318 (webtiles) character file.

Game seed: 5507505297849506086

3336 Anothat the Cleaver (level 10, -3/79 HPs)
             Began as a Formicid Fighter on Jan 12, 2021.
             Was an Elder of Wu Jian.
             Slain by a komodo dragon (13 damage)
             ... on level 8 of the Dungeon.
             The game lasted 00:12:03 (9079 turns).

Anothat the Cleaver (Formicid Fighter)              Turns: 9079, Time: 00:12:03

Health: -3/79      AC: 14    Str: 25    XL:     10   Next: 22%
Magic:  10/10      EV:  8    Int:  7    God:    Wu Jian [****..]
Gold:   471        SH: 11    Dex: 10    Spells: 9/9 levels left

rFire    . . .     SeeInvis +   a - +1 war axe
rCold    . . .     Faith    .   A - +0 kite shield
rNeg     . . .     Spirit   .   r - +1 chain mail
rPois    .         Reflect  .   (helmet unavailable)
rElec    .         Harm     .   H - +0 cloak
rCorr    +         Rampage  .   (no gloves)
Will     +....                  t - +0 pair of boots
Stlth    ..........             (no amulet)
HPRegen  0.23/turn              u - ring of resist corrosion
MPRegen  0.12/turn              (no ring)

@: attractive
A: permanent stasis, dig shafts and tunnels, four strong arms, antennae 3
a: Dig, Shaft Self, Renounce Religion, Wall Jump, Serpent's Lash


You were on level 8 of the Dungeon.
You worshipped Wu Jian.
Wu Jian was greatly pleased with you.
You visited 1 branch of the dungeon, and saw 8 of its levels.

You collected 471 gold pieces.

Inventory:

Hand Weapons
 a - a +1 war axe (weapon)
Missiles
 l - a throwing net
Armour
 c - a +0 kite shield
 r - a +1 chain mail (worn)
 t - a +0 pair of boots (worn)
 A - a +0 kite shield (worn)
 H - a +0 cloak (worn)
 K - +0 acid dragon scales
 L - a +0 helmet of intelligence
Jewellery
 p - an uncursed ring of positive energy
 q - an uncursed ring of wizardry
 u - a ring of resist corrosion (left hand)
 D - an uncursed amulet of faith
Wands
 s - a wand of flame (9)
 F - a wand of iceblast (13)
Scrolls
 e - a scroll of fog {unknown}
 g - a scroll of enchant armour
 j - 3 scrolls of identify
 n - 3 scrolls of enchant weapon
 o - 2 scrolls of amnesia
 v - a scroll of fear {unknown}
 w - a scroll of magic mapping
 y - a scroll of remove curse
 B - a scroll of teleportation {unknown}
 C - a scroll of summoning {unknown}
 J - a scroll of immolation
Potions
 b - a potion of resistance {unknown}
 d - a potion of brilliance {unknown}
 f - 3 potions of attraction
 h - 2 potions of haste
 i - 3 potions of flight {unknown}
 k - 2 potions of lignification {unknown}
 m - 3 potions of curing {unknown}
 x - a potion of degeneration {unknown}
 z - a potion of ambrosia {unknown}
 E - a potion of mutation {unknown}
 G - a potion of cancellation {unknown}
 I - a potion of heal wounds {unknown}


   Skills:
 + Level 7.5 Fighting
 * Level 9.0 Axes
 + Level 7.5 Armour
 + Level 8.2 Shields


You had 9 spell levels left.
You didn't know any spells.
Your spell library contained the following spells:

 Spells                   Type           Power        Failure   Level
 Foxfire                  Conj/Fire      0%           97%         1
 Magic Dart               Conj           0%           97%         1
 Call Imp                 Summ           0%           99%         2
 Slow                     Hex            0%           99%         2
 Conjure Flame            Conj/Fire      0%           100%        3
 Inner Flame              Hex/Fire       0%           100%        3
 Mephitic Cloud           Conj/Pois/Air  0%           100%        3
 Sticky Flame             Conj/Fire      0%           100%        4
 Fireball                 Conj/Fire      0%           100%        5
 Blink                    Tloc           Unusable     N/A         2

Dungeon Overview and Level Annotations

Branches:
Dungeon (8/15)             Temple (0/1) D:5            Lair (0/6) D:8

Altars:
Fedhas
Wu Jian

Shops:
D:8 [

Annotations:
D:3 1 runed translucent door, Sassenached's ghost, amateur SpWn
D:5 Prince Ribbit


Innate Abilities, Weirdness & Mutations

You cannot be hasted, slowed, berserked, paralysed or teleported.
You can dig through walls and to a lower floor.
Your four strong arms can wield two-handed weapons with a shield.
You have a pair of large antennae on your head. (SInv)


Message History

You feel attractive to monsters. The komodo dragon bites you.
Okay, then.
Annotate which branch? (. - D:8, ? - help, ! - show branch list)
Okay, then.
It was a potion of haste.
Your stasis prevents you from being hasted.
The komodo dragon bites you!!
* * * LOW HITPOINT WARNING * * *
As you read the scroll labelled RYQUUBALAA, it crumbles to dust.
It is a scroll of enchant armour.
Your +0 chain mail glows green for a moment.
The komodo dragon bites you but does no damage.
As you read the scroll labelled SANTUO SOULA, it crumbles to dust.
You feel aware of your surroundings.
It was a scroll of magic mapping.
You block the komodo dragon's attack.
As you read the scroll labelled LAWANO BUBB, it crumbles to dust.
The creatures around you are filled with an inner flame!
It was a scroll of immolation.
The komodo dragon bites you!
You die...

,,,,,* #.......≈≈...#.####.#.###
,,,,,* #............#.# #......
,,,,,* #....)..(((....##########
,,,,,* #..........(.#...........
,,,,,* #......[...(.#.#######.##
,,,,,* ####.#######.#.#.....#...
,***** #.# #.#.#.###.#.#.
,**#########.#######.#.#...#.#.#.
,,,............l@...>#.###.#.#.#.
,,,....#####.#########..<....#.#.
*,,.,,,* #....,* #.#...###.##
,,,,,,,* ##.##.# #*#.......#
**,,,,,* #.#*,# #.####### *,,,,,*
#.#*,*******#.# *,*****
#.#*,**,,,,,..# *,**
**#..,,**{***####******* *,,*
*,,,,,,,,,,,,,,,,,,,,,,,


You could see a komodo dragon (inner flame).

Vanquished Creatures
  Maggie (D:7)
  Eustachio (D:4)
  A water moccasin (D:5)
  An ice beast (D:8)
  2 sky beasts
  3 ogres
  2 centaurs
  Blork the orc (D:5)
  A big kobold (D:7)
  5 bullfrogs
  A water moccasin zombie (D:5)
  2 scorpions
  A wight (D:6)
  A howler monkey (D:7)
  4 hounds
  2 centaur zombies
  4 bullfrog zombies
  2 jellies (D:6)
  A bullfrog skeleton (D:5)
  6 orc priests
  An iguana (D:7)
  Natasha (twice) (D:4)
  9 worker ants
  Terence (D:3)
  8 orc wizards
  A killer bee zombie (D:5)
  2 hound skeletons
  2 worker ant zombies (D:5)
  A howler monkey skeleton (D:5)
  10 adders
  2 shadow imps (D:6)
  2 oozes
  2 adder zombies
  4 worms
  5 dart slugs
  5 leopard geckos
  21 orcs
  2 ball pythons (D:4)
  8 bats
  8 giant cockroaches
  9 goblins
  6 hobgoblins
  12 jackals
  13 kobolds
  3 quokkas
  11 frilled lizards
  A jackal zombie (D:5)
  A leopard gecko zombie (D:6)
  5 rats
199 creatures vanquished.

Vanquished Creatures (others)
  45 fungi (D:8)
  44 plants
  8 withered plants (D:5)
97 creatures vanquished.

Grand Total: 296 creatures vanquished

Notes
Turn   | Place    | Note
-------+----------+-------------------------------------------
     0 | D:1      | Anothat the Formicid Fighter began the quest for the Orb.
     0 | D:1      | Reached XP level 1. HP: 18/18 MP: 1/1
   134 | D:1      | Reached XP level 2. HP: 24/24 MP: 2/2
   250 | D:1      | Reached XP level 3. HP: 17/29 MP: 3/3
  1150 | D:2      | Reached skill level 3 in Axes
  1150 | D:2      | Reached XP level 4. HP: 37/37 MP: 4/4
  1662 | D:2      | Reached XP level 5. HP: 29/42 MP: 5/5
  2133 | D:2      | Found a faded altar of an unknown god.
  2253 | D:2      | Became a worshipper of the Wu Jian Council
  2253 | D:2      | Reached * piety under Wu Jian
  2526 | D:3      | Found a runed translucent door.
  2624 | D:3      | Noticed Sassenached's ghost (amateur SpWn)
  2723 | D:3      | Noticed Terence
  2727 | D:3      | Reached XP level 6. HP: 45/48 MP: 6/6
  2731 | D:3      | Reached skill level 4 in Axes
  2970 | D:3      | Killed Terence
  2991 | D:3      | Reached ** piety under Wu Jian
  3475 | D:4      | Noticed an ogre
  3482 | D:4      | Killed an ogre
  3483 | D:4      | Reached skill level 5 in Shields
  3483 | D:4      | Reached XP level 7. HP: 29/55 MP: 7/7
  3684 | D:4      | Noticed Natasha
  3690 | D:4      | Killed Natasha
  3829 | D:4      | Reached skill level 5 in Axes
  4081 | D:4      | Reached skill level 5 in Fighting
  4081 | D:4      | Reached skill level 5 in Armour
  4323 | D:4      | Noticed Eustachio
  4352 | D:4      | Killed Eustachio
  4353 | D:4      | Reached XP level 8. HP: 59/62 MP: 8/8
  4383 | D:4      | Noticed Natasha
  4391 | D:4      | Killed Natasha
  4610 | D:5      | Entered Level 5 of the Dungeon
  4643 | D:5      | Reached skill level 6 in Axes
  5208 | D:5      | Reached *** piety under Wu Jian
  5770 | D:5      | Reached XP level 9. HP: 61/69 MP: 9/9
  5873 | D:5      | Reached skill level 7 in Axes
  5942 | D:5      | Found a staircase to the Ecumenical Temple.
  5945 | D:5      | Noticed Blork the orc
  5959 | D:5      | Killed Blork the orc
  6373 | D:5      | Noticed Prince Ribbit
  7470 | D:6      | Reached skill level 8 in Axes
  7932 | D:7      | Reached **** piety under Wu Jian
  8076 | D:7      | Noticed Maggie
  8093 | D:7      | Killed Maggie
  8288 | D:7      | Reached XP level 10. HP: 79/79 MP: 10/10
  8730 | D:7      | Found a blossoming altar of Fedhas.
  8901 | D:8      | Found Widaefos's Antique Armour Emporium.
  8936 | D:8      | Reached skill level 9 in Axes
  9061 | D:8      | Noticed a komodo dragon
  9079 | D:8      | Slain by a komodo dragon

Illustrated notes

Levels and vault maps discovered:
D:1:      dpeg_chamrin_arrival_tetris, layout_basic, serial_curves,
          eino_curves_03, eino_curves_02
D:2:      layout_loops_ring, chequers_ecumenical_altar_lobes,
          minmay_quadrilaterals
D:3:      layout_basic, ebering_ghost_reflecting_pool, uniq_terence
D:4:      layout_loops_ring, kennysheep_generic_room_2, uniq_eustachio,
          uniq_natasha
D:5:      layout_basic, minmay_temple_entry_mist, serial_undead,
          serial_undead_b, serial_undead_e, serial_undead_e, serial_undead_f,
          serial_undead_f, serial_undead_c, serial_undead_c,
          hangedman_decor_slide_cut, uniq_prince_ribbit1, uniq_blork_the_orc
D:6:      cheibrodos_barr_body, layout_layer_cave
D:7:      layout_loops_ring, fedhas_altar_fruit_tree, uniq_maggie
D:8:      layout_basic, due_lair_maze_entry_diamond, serial_shops,
          nicolae_shop_waterfront

Skill      XL: |  1  2  3  4  5  6  7  8  9 10 |
---------------+-------------------------------+-----
Shields        | 4 5 6 7 8 |  8.2
Axes           | 3 4 5 6 8 9 |  9.0
Armour         | 4 5 6 7 |  7.5
Fighting       | 4 5 6 7 |  7.5

Action                   |  1- 3 |  4- 6 |  7- 9 | 10-12 || total
-------------------------+-------+-------+-------+-------++-------
Melee: War axe           |    97 |   200 |   391 |    63 ||   751
Invok: Lunge             |       |     5 |    13 |     4 ||    22
       Whirlwind         |       |     3 |     2 |       ||     5
  Use: Potion            |       |       |     2 |     2 ||     4
       Scroll            |       |       |     7 |     3 ||    10
Armor: Scale mail        |    36 |    56 |       |       ||    92
       Chain mail        |       |    33 |   139 |    18 ||   190
Dodge: Dodged            |    46 |    73 |    91 |    15 ||   225
Block: Kite shield       |    75 |   127 |   181 |    31 ||   414
